MLB
TORONTO BLUE JAYS @ LOS ANGELES ANGELS
10/11/2018
 
TOP OF THE 1ST
Toronto Blue Jays batting - Pitching for Los Angeles Angels : RHP Stephen Strasburg
Pitching: RHP Stephen Strasburg
Batting: LHB Dee Gordon 0-0: Foul Ball, location: 2F
0-1: Ball
1-1: Swinging Strike
1-2: Fly out, F9 (Flyball, 9LM)
Batting: RHB Elvis Andrus 0-0: Ball
1-0: Foul Ball, location: 2F
1-1: Ball
2-1: Fly out, F9 (Line Drive, 9)
Batting: RHB Andrew McCutchen 0-0: Ball
1-0: Ground out 6-3 (Groundball, 56)
Top of the 1st over - 0 runs, 0 hits, 0 errors, 0 left on base; Toronto 0 - Los Angeles 0
BOTTOM OF THE 1ST
Los Angeles Angels batting - Pitching for Toronto Blue Jays : LHP Clayton Kershaw
Pitching: LHP Clayton Kershaw
Batting: RHB Kevin Pillar 0-0: Ball
1-0: Foul Ball, location: 2F
1-1: Swinging Strike
1-2: Ball
2-2: Strikes out swinging, 2-3 out at first.
Batting: LHB Nick Markakis 0-0: Ball
1-0: Swinging Strike
1-1: Foul Ball, location: 2F
1-2: Ground out U3 (Groundball, 34)
Batting: RHB Evan Longoria 0-0: Foul Ball, location: 2F
0-1: Foul Ball, location: 2F
0-2: Foul Ball, location: 2F
0-2: Strikes out swinging
Bottom of the 1st over - 0 runs, 0 hits, 0 errors, 0 left on base; Toronto 0 - Los Angeles 0
TOP OF THE 2ND
Toronto Blue Jays batting - Pitching for Los Angeles Angels : RHP Stephen Strasburg
Batting: SHB Josh Bell 0-0: Ball
1-0: Called Strike
1-1: Called Strike
1-2: Ball
2-2: Ball
3-2: Fly out, F8 (Flyball, 8RS)
Batting: LHB Carlos Gonzalez 0-0: Ground out 6-3 (Groundball, 4)
Batting: RHB Nicholas Castellanos 0-0: Called Strike
0-1: Ball
1-1: DOUBLE (Flyball, 7LD)
Batting: RHB Jorge Soler 0-0: Foul Ball, location: 2F
0-1: Swinging Strike
0-2: Ball
1-2: Foul Ball, location: 2F
1-2: Strikes out swinging
Top of the 2nd over - 0 runs, 1 hit, 0 errors, 1 left on base; Toronto 0 - Los Angeles 0
BOTTOM OF THE 2ND
Los Angeles Angels batting - Pitching for Toronto Blue Jays : LHP Clayton Kershaw
Batting: RHB Hanley Ramirez 0-0: Ball
1-0: Called Strike
1-1: Foul Ball, location: 2F
1-2: Ball
2-2: Foul Ball, location: 2F
2-2: Foul Ball, location: 2F
2-2: Fly out, F8 (Flyball, 8LD)
Batting: LHB Kevin Kiermaier 0-0: Called Strike
0-1: Foul Ball, location: 2F
0-2: Strikes out swinging
Batting: RHB Wil Myers 0-0: Ball
1-0: Ball
2-0: Foul Ball, location: 2F
2-1: Called Strike
2-2: Foul Ball, location: 2F
2-2: Ball
3-2: Foul Ball, location: 2F
3-2: Foul Ball, location: 2F
3-2: Fly out, F7 (Flyball, 7S)
Bottom of the 2nd over - 0 runs, 0 hits, 0 errors, 0 left on base; Toronto 0 - Los Angeles 0
TOP OF THE 3RD
Toronto Blue Jays batting - Pitching for Los Angeles Angels : RHP Stephen Strasburg
Batting: RHB Keon Broxton 0-0: Called Strike
0-1: Foul Ball, location: 2F
0-2: Foul Ball, location: 2F
0-2: Foul Ball, location: 2F
0-2: Ball
1-2: Ball
2-2: Ground out 5-3 (Groundball, 56)
Batting: RHB Austin Hedges 0-0: Ball
1-0: TRIPLE (Line Drive, 9D)
Batting: LHB Dee Gordon 0-0: Ball
1-0: SINGLE (Groundball, 4MD)
Austin Hedges scores
Batting: RHB Elvis Andrus 0-0: Ball
Dee Gordon steals 2nd base
1-0: Ball
Wild Pitch!
Dee Gordon to third
2-0: Foul Ball, location: 2F
2-1: Ball
3-1: Called Strike
3-2: Strikes out swinging
Batting: RHB Andrew McCutchen 0-0: Called Strike
0-1: Ball
1-1: Swinging Strike
1-2: Ball
2-2: Strikes out swinging
Top of the 3rd over - 1 run, 2 hits, 0 errors, 1 left on base; Toronto 1 - Los Angeles 0
BOTTOM OF THE 3RD
Los Angeles Angels batting - Pitching for Toronto Blue Jays : LHP Clayton Kershaw
Batting: RHB Trevor Story 0-0: Called Strike
0-1: Ball
1-1: Ball
2-1: TRIPLE (Flyball, 89XD)
Batting: RHB Mike Zunino 0-0: Called Strike
0-1: Swinging Strike
0-2: Ball
1-2: Fly out, F7 (Flyball, 7D)
Runner from 3rd tags up, SCORES, no throw by LF
Batting: LHB Jason Kipnis 0-0: Ball
1-0: Ball
2-0: Ball
3-0: Called Strike
3-1: Called Strike
3-2: Foul Ball, location: 2F
3-2: Ground out 6-3 (Groundball, 6M)
Batting: RHB Kevin Pillar 0-0: Fly out, F8 (Flyball, 78D)
Bottom of the 3rd over - 1 run, 1 hit, 0 errors, 0 left on base; Toronto 1 - Los Angeles 1
TOP OF THE 4TH
Toronto Blue Jays batting - Pitching for Los Angeles Angels : RHP Stephen Strasburg
Batting: SHB Josh Bell 0-0: Called Strike
0-1: Ground out 1-3 (Groundball, 13S)
Batting: LHB Carlos Gonzalez 0-0: Ball
1-0: Called Strike
1-1: Foul Ball, location: 2F
1-2: Foul Ball, location: 2F
1-2: Foul Ball, location: 2F
1-2: Foul Ball, location: 2F
1-2: Foul Ball, location: 2F
1-2: Strikes out swinging
Batting: RHB Nicholas Castellanos 0-0: Called Strike
0-1: Foul Ball, location: 2F
0-2: Ground out 4-3 (Groundball, 4)
Top of the 4th over - 0 runs, 0 hits, 0 errors, 0 left on base; Toronto 1 - Los Angeles 1
BOTTOM OF THE 4TH
Los Angeles Angels batting - Pitching for Toronto Blue Jays : LHP Clayton Kershaw
Batting: LHB Nick Markakis 0-0: Foul Ball, location: 2F
0-1: Ball
1-1: Foul Ball, location: 2F
1-2: Ball
2-2: Ground out U3 (Groundball, 34)
Batting: RHB Evan Longoria 0-0: Foul Ball, location: 2F
0-1: Ball
1-1: DOUBLE (Line Drive, 78D)
Batting: RHB Hanley Ramirez 0-0: SINGLE (Groundball, 3D)
Evan Longoria to third
Runner from 3rd tries for Home, SAFE, throw by RF to home
Batting: LHB Kevin Kiermaier 0-0: Ball
1-0: Swinging Strike
1-1: Called Strike
1-2: Fly out, F4 (Popup, 4M)
Batting: RHB Wil Myers 0-0: Swinging Strike
0-1: Ball
1-1: Fly out, F8 (Flyball, 78XD)
Bottom of the 4th over - 1 run, 2 hits, 0 errors, 1 left on base; Toronto 1 - Los Angeles 2
TOP OF THE 5TH
Toronto Blue Jays batting - Pitching for Los Angeles Angels : RHP Stephen Strasburg
Batting: RHB Jorge Soler 0-0: Ball
1-0: Foul Ball, location: 2F
1-1: Foul Ball, location: 2F
1-2: Ball
2-2: Ball
3-2: Strikes out swinging, 2-3 out at first.
Batting: RHB Keon Broxton 0-0: Called Strike
0-1: Ball
1-1: Foul Ball, location: 2F
1-2: Foul Ball, location: 2F
1-2: Strikes out swinging
Batting: RHB Austin Hedges 0-0: Ball
1-0: Ball
2-0: Ball
3-0: Called Strike
3-1: SINGLE (Groundball, 34D)
Batting: LHB Dee Gordon 0-0: Called Strike
0-1: Called Strike
Austin Hedges is caught stealing 2nd base 2-6
Top of the 5th over - 0 runs, 1 hit, 0 errors, 0 left on base; Toronto 1 - Los Angeles 2
BOTTOM OF THE 5TH
Los Angeles Angels batting - Pitching for Toronto Blue Jays : LHP Clayton Kershaw
Batting: RHB Trevor Story 0-0: Called Strike
0-1: Foul Ball, location: 2F
0-2: Ground out 5-3 (Groundball, 5)
Batting: RHB Mike Zunino 0-0: Called Strike
0-1: Called Strike
0-2: Ball
1-2: Foul Ball, location: 2F
1-2: Foul Ball, location: 2F
1-2: Foul Ball, location: 2F
1-2: Strikes out swinging
Batting: LHB Jason Kipnis 0-0: Foul Ball, location: 2F
0-1: Ball
1-1: Called Strike
1-2: Foul Ball, location: 2F
1-2: DOUBLE (Line Drive, 8RXD)
Batting: RHB Kevin Pillar 0-0: Called Strike
0-1: Ground out 5-3 (Groundball, 5)
Bottom of the 5th over - 0 runs, 1 hit, 0 errors, 1 left on base; Toronto 1 - Los Angeles 2
TOP OF THE 6TH
Toronto Blue Jays batting - Pitching for Los Angeles Angels : RHP Stephen Strasburg
Batting: LHB Dee Gordon 0-0: Ball
1-0: Swinging Strike
1-1: Ground out 3-1 (Groundball, 34)
Batting: RHB Elvis Andrus 0-0: Ball
1-0: Ball
2-0: Swinging Strike
2-1: Foul Ball, location: 2F
2-2: Strikes out swinging
Batting: RHB Andrew McCutchen 0-0: Ball
1-0: Called Strike
1-1: Ball
2-1: Foul Ball, location: 2F
2-2: Strikes out swinging
Top of the 6th over - 0 runs, 0 hits, 0 errors, 0 left on base; Toronto 1 - Los Angeles 2
BOTTOM OF THE 6TH
Los Angeles Angels batting - Pitching for Toronto Blue Jays : LHP Clayton Kershaw
Pitching: RHP Emilio Pagan
Batting: LHB Nick Markakis 0-0: Foul Ball, location: 2F
0-1: Ball
1-1: Swinging Strike
1-2: Strikes out swinging
Batting: RHB Evan Longoria 0-0: Ground out 1-3 (Groundball, 13S)
Batting: RHB Hanley Ramirez 0-0: Foul Ball, location: 2F
0-1: Swinging Strike
0-2: Ball
1-2: Strikes out swinging
Bottom of the 6th over - 0 runs, 0 hits, 0 errors, 0 left on base; Toronto 1 - Los Angeles 2
TOP OF THE 7TH
Toronto Blue Jays batting - Pitching for Los Angeles Angels : RHP Stephen Strasburg
Batting: SHB Josh Bell 0-0: Ball
1-0: TRIPLE (Flyball, 9LD)
Batting: LHB Carlos Gonzalez 0-0: Ball
1-0: Ball
2-0: Foul Ball, location: 2F
2-1: Called Strike
2-2: Ball
3-2: Fly out, F8 (Flyball, 8RS)
Batting: RHB Nicholas Castellanos 0-0: Swinging Strike
0-1: Ball
1-1: Ball
2-1: Fly out, F7 (Flyball, 78M)
Runner from 3rd tags up, SCORES, throw by LF
Batting: RHB Jorge Soler 0-0: Ball
1-0: Foul Ball, location: 2F
1-1: Foul Ball, location: 2F
1-2: SINGLE (Groundball, 56D)
Batting: RHB Keon Broxton 0-0: Ball
Jorge Soler steals 2nd base
1-0: Ball
2-0: Ball
3-0: Foul Ball, location: 2F
3-1: Called Strike
3-2: Fly out, F9 (Flyball, 9S)
Top of the 7th over - 1 run, 2 hits, 0 errors, 1 left on base; Toronto 2 - Los Angeles 2
BOTTOM OF THE 7TH
Los Angeles Angels batting - Pitching for Toronto Blue Jays : RHP Emilio Pagan
Pitching: LHP Jake Diekman
Batting: LHB Kevin Kiermaier 0-0: Called Strike
0-1: Foul Ball, location: 2F
0-2: Ball
1-2: Strikes out swinging, 2-3 out at first.
Batting: RHB Wil Myers 0-0: Called Strike
0-1: Called Strike
0-2: Ball
1-2: Strikes out swinging
Batting: RHB Trevor Story 0-0: Ball
1-0: Swinging Strike
1-1: Called Strike
1-2: Ball
2-2: Ball
3-2: DOUBLE (Line Drive, 7LM)
Batting: RHB Mike Zunino 0-0: Called Strike
0-1: Foul Ball, location: 2F
0-2: Ball
1-2: Strikes out swinging
Bottom of the 7th over - 0 runs, 1 hit, 0 errors, 1 left on base; Toronto 2 - Los Angeles 2
TOP OF THE 8TH
Toronto Blue Jays batting - Pitching for Los Angeles Angels : RHP Stephen Strasburg
Batting: RHB Austin Hedges 0-0: Ball
1-0: Ball
2-0: Called Strike
2-1: SOLO HOME RUN (Flyball, 7LD), Distance : 348 ft
Batting: LHB Dee Gordon 0-0: Ball
1-0: Ball
2-0: SINGLE (Groundball, 6) (infield hit)
Pitching: RHP Sam Dyson
Batting: RHB Elvis Andrus 0-0: Ball
1-0: Swinging Strike
1-1: Bunt - Flyout to 2R! F2
Batting: RHB Andrew McCutchen 0-0: Called Strike
Dee Gordon steals 2nd base
0-1: Ball
1-1: Ball
2-1: Fly out, F8 (Flyball, 8RS)
Batting: SHB Josh Bell 0-0: Called Strike
0-1: Foul Ball, location: 2F
0-2: Fly out, F9 (Flyball, 9D)
Top of the 8th over - 1 run, 2 hits, 0 errors, 1 left on base; Toronto 3 - Los Angeles 2
BOTTOM OF THE 8TH
Los Angeles Angels batting - Pitching for Toronto Blue Jays : LHP Jake Diekman
Pitching: RHP Trevor Rosenthal
Batting: LHB Jason Kipnis 0-0: SINGLE (Groundball, 6MD)
Batting: RHB Kevin Pillar 0-0: Swinging Strike
0-1: Ball
1-1: Foul Ball, location: 2F
1-2: Ball
2-2: Foul Ball, location: 2F
2-2: Strikes out swinging
Batting: LHB Nick Markakis 0-0: Ball
1-0: Swinging Strike
1-1: Ball
2-1: Swinging Strike
2-2: Foul Ball, location: 2F
2-2: Ball
3-2: Foul Ball, location: 2F
3-2: Base on Balls
Jason Kipnis to second
Pitching: RHP Carson Smith
Batting: RHB Evan Longoria 0-0: Ball
1-0: Called Strike
1-1: Grounds into double play, 6-4-3 (Groundball, 6)
Bottom of the 8th over - 0 runs, 1 hit, 0 errors, 1 left on base; Toronto 3 - Los Angeles 2
TOP OF THE 9TH
Toronto Blue Jays batting - Pitching for Los Angeles Angels : RHP Sam Dyson
Pitching: RHP Sam Tuivailala
Batting: LHB Carlos Gonzalez 0-0: Ball
1-0: Fly out, F7 (Flyball, 78D)
Batting: RHB Nicholas Castellanos 0-0: Swinging Strike
0-1: Ball
1-1: Ball
2-1: Called Strike
2-2: Ball
3-2: Base on Balls
Batting: RHB Jorge Soler 0-0: Called Strike
0-1: Ball
1-1: Foul Ball, location: 2F
1-2: Strikes out looking
Batting: RHB Keon Broxton 0-0: Ball
1-0: Ball
2-0: Called Strike
2-1: Called Strike
2-2: Strikes out swinging wild pitch, reaches first!
Nicholas Castellanos to second
Batting: RHB Austin Hedges 0-0: Foul Ball, location: 2F
0-1: Ball
1-1: Fly out, F8 (Flyball, 78M)
Top of the 9th over - 0 runs, 0 hits, 0 errors, 2 left on base; Toronto 3 - Los Angeles 2
BOTTOM OF THE 9TH
Los Angeles Angels batting - Pitching for Toronto Blue Jays : RHP Carson Smith
Pitching: RHP Dellin Betances
Now in CF: Billy Hamilton
Batting: RHB Hanley Ramirez 0-0: Called Strike
0-1: Called Strike
0-2: Ball
1-2: Ball
2-2: Ground out 6-3 (Groundball, 56)
Batting: LHB Kevin Kiermaier 0-0: Called Strike
0-1: Swinging Strike
0-2: Ball
1-2: Ball
2-2: Strikes out looking
Batting: RHB Wil Myers 0-0: Called Strike
0-1: Ball
1-1: Foul Ball, location: 2F
1-2: Strikes out swinging
Bottom of the 9th over - 0 runs, 0 hits, 0 errors, 0 left on base; Toronto 3 - Los Angeles 2
Monday, December 24th, 2018 - OOTP Baseball 19.11 Build 129